Reign vs Icehogs
Created - June 8, 2022 at 20:48
Goals
|
| Reign |
1 |
0 |
3 |
4 |
| Icehogs |
4 |
1 |
1 |
6 |
|
Shots
|
| Reign |
9 |
5 |
9 |
23 |
| Icehogs |
20 |
5 |
9 |
34 |
|
1st period
1. Icehogs , Andrew Mangiapane 18 (Michael Chaput 29, Curtis Lazar 37) at 3:49
2. Icehogs , Craig Cunningham 30 (Frederik Gauthier 45) at 13:09
3. Icehogs , Michael Chaput 17 (Curtis Lazar 38, Andrew Mangiapane 22) at 15:21
4. Reign , Tyler Pitlick 27 (Timo Meier 28, Dylan Blujus 24) at 17:59
5. Icehogs , Craig Cunningham 31 (Nick Mattson 21, Mike Amadio 30) at 18:13
Penalties :
No Penalty
2nd period
6. Icehogs , Tanner Richard 27 (Mikhail Grigorenko 20, Mike Reilly 19) at 18:51
Penalties :
Nikita Tryamkin (Ont) for Tripping (Minor) at 0:22, Patrick Sieloff (Roc) for Unsportsmanlike conduct (Minor) at 15:27
3rd period
7. Reign , Trevor Moore 7 (Josh Anderson 13, Jakob Chychrun 24) at 1:13
8. Reign , Timo Meier 30 (Jordan Schmaltz 25, Brendan Gaunce 70) at 5:45 (PP)
9. Reign , Joachim Blichfeld 26 (Josh Anderson 14, Logan Stanley 6) at 8:03
10. Icehogs , Andrew Mangiapane 19 (Nick Mattson 22, Michael Chaput 30) at 15:31
Penalties :
Craig Cunningham (Roc) for Hooking (Minor) at 1:26, Andrew Mangiapane (Roc) for Slashing (Minor) at 5:41, Julius Honka (Roc) for High sticking (Minor) at 10:18
Goalie Stats
Ilya Samsonov (Ont), 13 saves from 15 shots - (0.867), L, 25-23-1, 41:47 minutes
Jean-Francois Berube (Ont), 15 saves from 19 shots - (0.789), 18:13 minutes
Joe Cannata (Roc), 19 saves from 23 shots - (0.826), W, 31-21-3, 60:00 minutes
Players Stats for Reign
Player Name G A P +/- PIM S H SB GA TA FO MP PP MP PK MP
------------------------------------------------------------------------------------
A.J. Jenks 0 0 0 -2 0 0 2 0 0 0 2/2 15:23 2:29 0:52
Brendan Gaunce 0 1 1 0 0 2 1 2 0 0 14/25 20:16 3:27 1:03
Brendan Guhle 0 0 0 -1 0 1 2 2 0 0 0/0 14:37 0:00 1:07
Christian Dvorak 0 0 0 -1 0 1 1 0 0 1 0/0 12:32 0:05 0:23
Dylan Blujus 0 1 1 -1 0 0 0 0 0 0 0/0 19:55 1:49 0:52
Jack Roslovic 0 0 0 -2 0 2 2 0 1 0 2/8 15:10 2:29 0:37
Jakob Chychrun 0 1 1 -1 0 0 0 1 1 0 0/0 14:01 0:00 0:11
Joachim Blichfeld 1 0 1 0 0 3 0 0 1 0 0/0 12:08 0:00 0:00
Joel Eriksson Ek 0 0 0 -1 0 2 1 0 0 0 3/10 12:07 0:05 0:00
Jordan Schmaltz 0 1 1 -1 0 0 2 0 2 0 0/0 25:47 4:12 1:07
Josh Anderson 0 2 2 0 0 3 0 1 0 0 0/1 12:28 0:05 0:00
Logan Stanley 0 1 1 0 0 0 0 1 0 0 0/0 5:02 0:00 0:00
Matthew Tkachuk 0 0 0 -1 0 0 1 0 0 0 0/0 11:47 0:00 0:00
Nikita Tryamkin 0 0 0 -1 2 2 3 2 0 1 0/0 21:03 4:12 0:00
Thomas Chabot 0 0 0 -1 0 0 1 1 0 0 0/0 19:36 1:49 0:41
Timo Meier 1 1 2 0 0 1 1 3 0 0 0/0 20:16 3:27 1:03
Trevor Moore 1 0 1 0 0 3 1 0 0 0 3/4 12:08 0:00 0:00
Tyler Pitlick 1 0 1 0 0 2 0 0 0 0 1/1 19:13 3:27 0:00
Vince Hinostroza 0 0 0 -2 0 1 0 0 0 0 0/0 14:31 2:29 0:00
Players Stats for Icehogs
Player Name G A P +/- PIM S H SB GA TA FO MP PP MP PK MP
------------------------------------------------------------------------------------
Andrew Mangiapane 2 1 3 2 2 5 4 1 0 1 0/0 17:21 0:56 2:27
Craig Cunningham 2 0 2 2 2 4 2 1 0 0 0/0 19:43 0:59 2:08
Curtis Lazar 0 2 2 2 0 3 0 0 0 0 0/0 15:07 0:56 0:00
Dillon Dube 0 0 0 -2 0 0 0 0 0 0 2/4 9:39 0:00 0:00
Duncan Siemens 0 0 0 -1 0 2 1 0 0 1 0/0 15:28 0:00 0:38
Frederik Gauthier 0 1 1 2 0 1 0 0 1 0 11/28 20:40 1:03 3:15
Julius Honka 0 0 0 -1 2 1 0 1 0 0 0/0 14:50 0:00 0:00
Kevin Fiala 0 0 0 1 0 3 2 0 0 1 0/0 11:31 0:00 0:00
Mattias Janmark 0 0 0 -2 0 0 1 0 1 1 0/0 10:41 0:00 0:33
Michael Chaput 1 2 3 2 0 4 0 0 0 0 7/8 17:09 0:56 1:57
Mike Amadio 0 1 1 2 0 3 1 0 0 0 0/2 17:25 1:03 0:00
Mike Reilly 0 1 1 0 0 1 1 1 0 0 0/0 20:01 0:37 2:14
Mikhail Grigorenko 0 1 1 1 0 2 1 0 0 0 2/2 11:31 0:00 0:00
Nick Mattson 0 2 2 4 0 2 3 1 0 0 0/0 25:09 1:22 3:47
Nikita Scherbak 0 0 0 -2 0 0 1 1 0 0 0/0 9:39 0:00 0:00
Patrick Sieloff 0 0 0 0 2 0 1 0 0 1 0/0 19:22 0:37 1:36
Petter Granberg 0 0 0 4 0 0 3 3 0 0 0/0 25:09 1:22 3:47
Tanner Richard 1 0 1 1 0 3 2 0 0 0 4/7 13:30 0:04 1:42
3 Stars
1 - Andrew Mangiapane (Roc)
2 - Michael Chaput (Roc)
3 - Nick Mattson (Roc)
Power Play
Reign - 1 on 4 Attempt(s) - 25.00%
Icehogs - 0 on 1 Attempt(s) - 0.00%
Penalty Kill
Reign - 1 on 1 Attempt(s) - 100.00%
- Score 0 goal in Penalty Kill
Icehogs - 3 on 4 Attempt(s) - 75.00%
- Score 0 goal in Penalty Kill
Team Stat
Reign - Hits : 18 - Faceoff Wins : 25 - Blocked Shots : 13 - Penalty Minutes : 2
Icehogs - Hits : 23 - Faceoff Wins : 26 - Blocked Shots : 9 - Penalty Minutes : 8
Official
Referees : Furman South and Brandon Blandina
Linesman : Greg Devorski and Derek Amell
Game Notes
Ilya Samsonov enters game at 18:13 of 1st period
Finance
Level 1 -- Attendance: 1849 (92.45%) -- Ticket Income $64,715
Level 2 -- Attendance: 914 (91.40%) -- Ticket Income $13,710
Total Attendance: 2763 (92.10%)
Total Ticket Income: $78,425
Other Income: $3,921
Total Income: $82,346
Reign
5 vs 5 Forward
Center Left Wing Right Wing Time % Phy DF OF
1 Brendan Gaunce Timo Meier Tyler Pitlick 35 1 2 2
2 Jack Roslovic A.J. Jenks Vince Hinostroza 25 1 2 2
3 Joel Eriksson Ek Christian Dvorak Matthew Tkachuk 20 1 2 2
4 Trevor Moore Joachim Blichfeld Josh Anderson 20 1 2 2
5 vs 5 Defense
Defense Defense Time % Phy DF OF
1 Jordan Schmaltz Nikita Tryamkin 35 1 3 1
2 Dylan Blujus Thomas Chabot 30 1 2 2
3 Brendan Guhle Jakob Chychrun 25 1 2 2
4 Logan Stanley Jordan Schmaltz 10 1 2 2
PowerPlay Forward
Center Left Wing Right Wing Time % Phy DF OF
1 Brendan Gaunce Timo Meier Tyler Pitlick 60 1 2 2
2 Jack Roslovic A.J. Jenks Vince Hinostroza 40 1 2 2
PowerPlay Defense
Defense Defense Time % Phy DF OF
1 Jordan Schmaltz Nikita Tryamkin 60 1 2 2
2 Dylan Blujus Thomas Chabot 40 1 2 2
Penalty Kill 4 Players Forward
Center Wing Time % Phy DF OF
1 Brendan Gaunce Timo Meier 60 1 2 2
2 Jack Roslovic A.J. Jenks 40 1 2 2
Penalty Kill 4 Players Defense
Defense Defense Time % Phy DF OF
1 Jordan Schmaltz Nikita Tryamkin 60 1 2 2
2 Dylan Blujus Thomas Chabot 40 1 2 2
Penalty Kill - 3 Players Forward
Forward Time % Phy DF OF
1 Brendan Gaunce 60 2 3 0
2 Jack Roslovic 40 2 3 0
Penalty Kill - 3 Players Defense
Defense Defense Time % Phy DF OF
1 Jordan Schmaltz Nikita Tryamkin 60 3 2 0
2 Dylan Blujus Thomas Chabot 40 3 2 0
4 vs 4 Forward
Center Wing Time % Phy DF OF
1 Brendan Gaunce Timo Meier 60 1 2 2
2 Jack Roslovic A.J. Jenks 40 1 2 2
4 vs 4 Defense
Defense Defense Time % Phy DF OF
1 Jordan Schmaltz Nikita Tryamkin 60 1 2 2
2 Dylan Blujus Thomas Chabot 40 1 2 2
Last Minutes Offensive
Center Left Wing Right Wing Defense Defense
Brendan Gaunce Timo Meier Tyler Pitlick Jordan Schmaltz Nikita Tryamkin
Last Minutes Defensive
Center Left Wing Right Wing Defense Defense
Brendan Gaunce Timo Meier Tyler Pitlick Jordan Schmaltz Nikita Tryamkin
Goaltenders
Starting : Jean-Francois Berube
Backup : Ilya Samsonov
Extra Forwards
Normal : A.J. Jenks, Jack Roslovic, Matthew Tkachuk - PP : A.J. Jenks, Jack Roslovic - PK : A.J. Jenks
Extra Defensemen
Normal : Brendan Guhle, Jakob Chychrun, Logan Stanley - PP : Brendan Guhle - PK : Brendan Guhle, Jakob Chychrun
Penalty Shots
Tyler Pitlick, Timo Meier, Vince Hinostroza, Brendan Gaunce, A.J. Jenks
Scratches
Adam Ollas-Mattsson (Healthy), Blake Lizotte (Healthy), Bokondji Imama (Healthy), Jack Dougherty (Healthy), Jacob Josefson (Healthy)
Joel Vermin (Healthy), Nikita Gusev (Healthy), Shane Prince (Healthy), Blake Hillman (Healthy), Michael Pezzetta (Healthy)
Austin Czarnik (Healthy), Cal Petersen (Healthy), Jordan Binnington (Healthy)
Icehogs
5 vs 5 Forward
Center Left Wing Right Wing Time % Phy DF OF
1 Frederik Gauthier Craig Cunningham Mike Amadio 40 1 2 2
2 Michael Chaput Andrew Mangiapane Curtis Lazar 30 1 2 2
3 Tanner Richard Mikhail Grigorenko Kevin Fiala 20 1 2 2
4 Dillon Dube Mattias Janmark Nikita Scherbak 10 1 2 2
5 vs 5 Defense
Defense Defense Time % Phy DF OF
1 Petter Granberg Nick Mattson 40 1 2 2
2 Mike Reilly Patrick Sieloff 30 1 2 2
3 Duncan Siemens Julius Honka 20 1 2 2
4 Petter Granberg Nick Mattson 10 1 2 2
PowerPlay Forward
Center Left Wing Right Wing Time % Phy DF OF
1 Frederik Gauthier Craig Cunningham Mike Amadio 60 1 2 2
2 Michael Chaput Andrew Mangiapane Curtis Lazar 40 1 2 2
PowerPlay Defense
Defense Defense Time % Phy DF OF
1 Petter Granberg Nick Mattson 60 1 2 2
2 Mike Reilly Patrick Sieloff 40 1 2 2
Penalty Kill 4 Players Forward
Center Wing Time % Phy DF OF
1 Frederik Gauthier Craig Cunningham 60 1 2 2
2 Michael Chaput Andrew Mangiapane 40 1 2 2
Penalty Kill 4 Players Defense
Defense Defense Time % Phy DF OF
1 Petter Granberg Nick Mattson 60 1 2 2
2 Mike Reilly Patrick Sieloff 40 1 2 2
Penalty Kill - 3 Players Forward
Forward Time % Phy DF OF
1 Frederik Gauthier 60 1 2 2
2 Michael Chaput 40 1 2 2
Penalty Kill - 3 Players Defense
Defense Defense Time % Phy DF OF
1 Petter Granberg Nick Mattson 60 1 2 2
2 Mike Reilly Patrick Sieloff 40 1 2 2
4 vs 4 Forward
Center Wing Time % Phy DF OF
1 Frederik Gauthier Craig Cunningham 60 1 2 2
2 Michael Chaput Andrew Mangiapane 40 1 2 2
4 vs 4 Defense
Defense Defense Time % Phy DF OF
1 Petter Granberg Nick Mattson 60 1 2 2
2 Mike Reilly Patrick Sieloff 40 1 2 2
Last Minutes Offensive
Center Left Wing Right Wing Defense Defense
Frederik Gauthier Craig Cunningham Mike Amadio Petter Granberg Nick Mattson
Last Minutes Defensive
Center Left Wing Right Wing Defense Defense
Frederik Gauthier Craig Cunningham Mike Amadio Petter Granberg Nick Mattson
Goaltenders
Starting : Joe Cannata
Backup : Mackenzie Blackwood
Extra Forwards
Normal : Tanner Richard, Andrew Mangiapane, Curtis Lazar - PP : Tanner Richard, Andrew Mangiapane - PK : Tanner Richard
Extra Defensemen
Normal : Patrick Sieloff, Duncan Siemens, Julius Honka - PP : Patrick Sieloff - PK : Patrick Sieloff, Duncan Siemens
Penalty Shots
Frederik Gauthier, Mike Amadio, Craig Cunningham, Michael Chaput, Tanner Richard
Scratches
Ben Harpur (Torso Injury), Calle Andersson (Healthy), Clark Bishop (Healthy), JJ. Piccinich (Healthy), Kurtis Gabriel (Healthy)
Myles Bell (Healthy), Nick Paul (Healthy), Patrick Russell (Healthy), Ross Johnston (Healthy), Zach Whitecloud (Healthy)
Jeremy Davies (Healthy), Jackson Cates (Healthy), Michael Giugovaz (Healthy), Jack LaFontaine (Healthy)
% Time on Ice - Reign
Lines # - Real PCT - Wanted PCT - Time Play
Normal Forward
1 - 31% - 35% - 16:03
2 - 23% - 25% - 12:02
3 - 23% - 20% - 11:47
4 - 23% - 20% - 12:08
Normal Defense
1 - 31% - 35% - 16:16
2 - 33% - 30% - 17:06
3 - 26% - 25% - 13:36
4 - 10% - 10% - 5:02
PP Forward
1 - 59% - 60% - 3:32
2 - 41% - 40% - 2:29
PP Defense
1 - 70% - 60% - 4:12
2 - 30% - 40% - 1:49
PK Forward
1 - 92% - 60% - 1:50
2 - 8% - 40% - 0:09
PK Defense
1 - 66% - 60% - 1:18
2 - 34% - 40% - 0:41
PK3 Forward
1 - 0% - 60%
2 - 0% - 40%
PK3 Defense
1 - 0% - 60%
2 - 0% - 40%
44 Forward
1 - 0% - 60%
2 - 0% - 40%
44 Defense
1 - 0% - 60%
2 - 0% - 40%
Last Minute Offensive - 0:00
Last Minute Defensive - 0:00
Total
Forward - 60:00
Defense - 60:00
|
% Time on Ice - Icehogs
Lines # - Real PCT - Wanted PCT - Time Play
Normal Forward
1 - 32% - 40% - 16:51
2 - 27% - 30% - 13:59
3 - 22% - 20% - 11:31
4 - 19% - 10% - 9:39
Normal Defense
1 - 36% - 40% - 18:41
2 - 33% - 30% - 17:10
3 - 29% - 20% - 14:50
4 - 3% - 10% - 1:19
PP Forward
1 - 53% - 60% - 1:03
2 - 47% - 40% - 0:56
PP Defense
1 - 69% - 60% - 1:22
2 - 31% - 40% - 0:37
PK Forward
1 - 85% - 60% - 5:07
2 - 15% - 40% - 0:54
PK Defense
1 - 63% - 60% - 3:47
2 - 37% - 40% - 2:14
PK3 Forward
1 - 0% - 60%
2 - 0% - 40%
PK3 Defense
1 - 0% - 60%
2 - 0% - 40%
44 Forward
1 - 0% - 60%
2 - 0% - 40%
44 Defense
1 - 0% - 60%
2 - 0% - 40%
Last Minute Offensive - 0:00
Last Minute Defensive - 0:00
Total
Forward - 60:00
Defense - 60:00
|
Play-by-Play
1st period
0:01 of 1st period - Brendan Gaunce wins face-off versus Mike Amadio in neutral zone.
0:10 of 1st period - Snap shot by Brendan Gaunce.
0:10 of 1st period - Stopped by Joe Cannata without a rebound.
0:11 of 1st period - A.J. Jenks wins face-off versus Michael Chaput in Icehogs zone.
0:56 of 1st period - Slapshot by Mike Reilly.
0:56 of 1st period - Shot Blocked by Brendan Guhle.
0:58 of 1st period - Slapshot by Mike Reilly.
0:58 of 1st period - Stopped by Jean-Francois Berube with a rebound.
1:02 of 1st period - Snap shot by Craig Cunningham.
1:02 of 1st period - Shot Blocked by Josh Anderson.
1:04 of 1st period - Wrist shot by Mike Amadio.
1:04 of 1st period - Stopped by Jean-Francois Berube without a rebound.
1:05 of 1st period - Brendan Gaunce wins face-off versus Dillon Dube in Reign zone.
1:30 of 1st period - Nikita Tryamkin is hit by Craig Cunningham and loses puck.
1:57 of 1st period - Slapshot by Nikita Tryamkin.
1:57 of 1st period - Shot Blocked by Andrew Mangiapane.
2:03 of 1st period - Wrist shot by Trevor Moore.
2:03 of 1st period - Stopped by Joe Cannata without a rebound.
2:04 of 1st period - Brendan Gaunce wins face-off versus Tanner Richard in Icehogs zone.
2:29 of 1st period - Joel Eriksson Ek is hit by Nick Mattson and loses puck.
3:29 of 1st period - Snap shot by Curtis Lazar.
3:29 of 1st period - Shot Misses the Net.
3:31 of 1st period - Slapshot by Michael Chaput.
3:31 of 1st period - Shot Misses the Net.
3:33 of 1st period - Slapshot by Julius Honka.
3:33 of 1st period - Shot Misses the Net.
3:35 of 1st period - Slapshot by Julius Honka.
3:35 of 1st period - Shot Blocked by Timo Meier.
3:37 of 1st period - Slapshot by Duncan Siemens.
3:37 of 1st period - Shot Blocked by Brendan Gaunce.
3:39 of 1st period - Wrist shot by Michael Chaput.
3:39 of 1st period - Shot Blocked by Brendan Guhle.
3:41 of 1st period - Slapshot by Duncan Siemens.
3:41 of 1st period - Shot Blocked by Jakob Chychrun.
3:43 of 1st period - Snap shot by Julius Honka.
3:43 of 1st period - Stopped by Jean-Francois Berube with a rebound.
3:49 of 1st period - Slapshot by Michael Chaput.
3:49 of 1st period - Deflect By Andrew Mangiapane.
3:49 of 1st period - Goal by Andrew Mangiapane - Reign : 0 - Icehogs : 1.
3:50 of 1st period - A.J. Jenks wins face-off versus Frederik Gauthier in neutral zone.
4:19 of 1st period - Off-side.
4:20 of 1st period - Trevor Moore wins face-off versus Tanner Richard in neutral zone.
4:45 of 1st period - Craig Cunningham is hit by Matthew Tkachuk and loses puck.
4:56 of 1st period - Snap shot by Christian Dvorak.
4:56 of 1st period - Stopped by Joe Cannata with a rebound.
5:14 of 1st period - Wrist shot by Mattias Janmark.
5:14 of 1st period - Shot Misses the Net.
5:51 of 1st period - Slapshot by Mike Reilly.
5:51 of 1st period - Shot Misses the Net.
6:31 of 1st period - Snap shot by Josh Anderson.
6:31 of 1st period - Shot Hit the Post.
6:33 of 1st period - Slapshot by Brendan Guhle.
6:33 of 1st period - Stopped by Joe Cannata without a rebound.
6:34 of 1st period - Jack Roslovic wins face-off versus Mike Amadio in Icehogs zone.
7:03 of 1st period - Wrist shot by Andrew Mangiapane.
7:03 of 1st period - Stopped by Jean-Francois Berube without a rebound.
7:04 of 1st period - Michael Chaput wins face-off versus Brendan Gaunce in Reign zone.
7:27 of 1st period - Snap shot by Curtis Lazar.
7:27 of 1st period - Stopped by Jean-Francois Berube without a rebound.
7:28 of 1st period - Frederik Gauthier wins face-off versus Joel Eriksson Ek in Reign zone.
7:44 of 1st period - Wrist shot by Craig Cunningham.
7:44 of 1st period - Shot Misses the Net.
7:54 of 1st period - Tanner Richard is hit by A.J. Jenks and loses puck.
9:33 of 1st period - Jack Roslovic is hit by Petter Granberg and loses puck.
10:03 of 1st period - Off-side.
10:04 of 1st period - Joel Eriksson Ek wins face-off versus Frederik Gauthier in neutral zone.
10:11 of 1st period - Snap shot by Joel Eriksson Ek.
10:11 of 1st period - Stopped by Joe Cannata without a rebound.
10:12 of 1st period - Frederik Gauthier wins face-off versus Joel Eriksson Ek in Icehogs zone.
10:37 of 1st period - Snap shot by Andrew Mangiapane.
10:37 of 1st period - Shot Misses the Net.
10:39 of 1st period - Slapshot by Nick Mattson.
10:39 of 1st period - Shot Misses the Net.
10:41 of 1st period - Wrist shot by Andrew Mangiapane.
10:41 of 1st period - Stopped by Jean-Francois Berube with a rebound.
10:43 of 1st period - Slapshot by Nick Mattson.
10:43 of 1st period - Shot Blocked by Brendan Gaunce.
10:45 of 1st period - Slapshot by Petter Granberg.
10:45 of 1st period - Shot Misses the Net.
10:47 of 1st period - Snap shot by Nick Mattson.
10:47 of 1st period - Stopped by Jean-Francois Berube with a rebound.
10:59 of 1st period - Backhand shot by Jack Roslovic.
10:59 of 1st period - Stopped by Joe Cannata without a rebound.
11:00 of 1st period - Tanner Richard wins face-off versus Jack Roslovic in Icehogs zone.
11:13 of 1st period - Mike Reilly is hit by Jack Roslovic and loses puck.
11:56 of 1st period - Backhand shot by Mikhail Grigorenko.
11:56 of 1st period - Stopped by Jean-Francois Berube with a rebound.
11:58 of 1st period - Slapshot by Kevin Fiala.
11:58 of 1st period - Stopped by Jean-Francois Berube with a rebound.
12:00 of 1st period - Backhand shot by Kevin Fiala.
12:00 of 1st period - Stopped by Jean-Francois Berube without a rebound.
12:01 of 1st period - Joel Eriksson Ek wins face-off versus Frederik Gauthier in Reign zone.
12:49 of 1st period - Slapshot by Joachim Blichfeld.
12:49 of 1st period - Shot Blocked by Nikita Scherbak.
13:09 of 1st period - Wrist shot by Craig Cunningham.
13:09 of 1st period - Goal by Craig Cunningham - Reign : 0 - Icehogs : 2.
13:10 of 1st period - Frederik Gauthier wins face-off versus Brendan Gaunce in neutral zone.
13:31 of 1st period - Thomas Chabot is hit by Mike Amadio and loses puck.
13:42 of 1st period - Snap shot by Nick Mattson.
13:42 of 1st period - Stopped by Jean-Francois Berube without a rebound.
13:43 of 1st period - Michael Chaput wins face-off versus Jack Roslovic in Reign zone.
13:52 of 1st period - Wrist shot by A.J. Jenks.
13:52 of 1st period - Shot Blocked by Mike Reilly.
13:54 of 1st period - Slapshot by Nikita Tryamkin.
13:54 of 1st period - Deflect By Patrick Sieloff.
13:54 of 1st period - Stopped by Joe Cannata with a rebound.
14:13 of 1st period - Jakob Chychrun is hit by Mikhail Grigorenko and loses puck.
15:10 of 1st period - A.J. Jenks is hit by Petter Granberg and loses puck.
15:21 of 1st period - Snap shot by Michael Chaput.
15:21 of 1st period - Goal by Michael Chaput - Reign : 0 - Icehogs : 3.
15:22 of 1st period - Brendan Gaunce wins face-off versus Frederik Gauthier in neutral zone.
15:25 of 1st period - Snap shot by Brendan Gaunce.
15:25 of 1st period - Shot Blocked by Petter Granberg.
15:27 of 1st period - Slapshot by Nikita Tryamkin.
15:27 of 1st period - Deflect By Mike Amadio.
15:27 of 1st period - Stopped by Joe Cannata with a rebound.
15:29 of 1st period - Slapshot by Jordan Schmaltz.
15:29 of 1st period - Deflect By Brendan Gaunce.
15:29 of 1st period - Shot Blocked by Petter Granberg.
15:29 of 1st period - Puck is out of play.
15:30 of 1st period - Brendan Gaunce wins face-off versus Frederik Gauthier in Icehogs zone.
15:50 of 1st period - Off-side.
15:51 of 1st period - Michael Chaput wins face-off versus Joel Eriksson Ek in neutral zone.
16:02 of 1st period - Slapshot by Michael Chaput.
16:02 of 1st period - Stopped by Jean-Francois Berube without a rebound.
16:03 of 1st period - Jack Roslovic wins face-off versus Frederik Gauthier in Reign zone.
16:18 of 1st period - Wrist shot by Vince Hinostroza.
16:18 of 1st period - Shot Blocked by Craig Cunningham.
16:28 of 1st period - Timo Meier is hit by Andrew Mangiapane.
16:34 of 1st period - Slapshot by Michael Chaput.
16:34 of 1st period - Stopped by Jean-Francois Berube without a rebound.
16:35 of 1st period - Michael Chaput wins face-off versus Joel Eriksson Ek in Reign zone.
17:49 of 1st period - Snap shot by Curtis Lazar.
17:49 of 1st period - Shot Blocked by Thomas Chabot.
17:59 of 1st period - Snap shot by Tyler Pitlick.
17:59 of 1st period - Goal by Tyler Pitlick - Reign : 1 - Icehogs : 3.
18:00 of 1st period - Frederik Gauthier wins face-off versus Jack Roslovic in neutral zone.
18:05 of 1st period - Snap shot by Mike Amadio.
18:05 of 1st period - Stopped by Jean-Francois Berube with a rebound.
18:07 of 1st period - Wrist shot by Mike Amadio.
18:07 of 1st period - Shot Misses the Net.
18:09 of 1st period - Wrist shot by Mike Amadio.
18:09 of 1st period - Stopped by Jean-Francois Berube with a rebound.
18:11 of 1st period - Backhand shot by Nick Mattson.
18:11 of 1st period - Shot Blocked by Nikita Tryamkin.
18:13 of 1st period - Snap shot by Craig Cunningham.
18:13 of 1st period - Goal by Craig Cunningham - Reign : 1 - Icehogs : 4.
18:13 of 1st period - Ilya Samsonov enters game.
18:14 of 1st period - Joel Eriksson Ek wins face-off versus Frederik Gauthier in neutral zone.
18:19 of 1st period - Nikita Tryamkin is hit by Craig Cunningham and loses puck.
18:40 of 1st period - Joachim Blichfeld is hit by Kevin Fiala and loses puck.
18:47 of 1st period - Wrist shot by Tanner Richard.
18:47 of 1st period - Shot Blocked by Nikita Tryamkin.
18:49 of 1st period - Snap shot by Tanner Richard.
18:49 of 1st period - Stopped by Ilya Samsonov with a rebound.
19:14 of 1st period - Slapshot by Jack Roslovic.
19:14 of 1st period - Shot Misses the Net.
19:30 of 1st period - Duncan Siemens is hit by Timo Meier.
Goals for this period are 1 for Reign vs 4 for Icehogs.
Shots for this period are 9 for Reign vs 20 for Icehogs.
2nd period
0:01 of 2nd period - Frederik Gauthier wins face-off versus Josh Anderson in neutral zone.
0:22 of 2nd period - Minor Penalty to Nikita Tryamkin for Tripping.
0:23 of 2nd period - Brendan Gaunce wins face-off versus Frederik Gauthier in Reign zone.
0:32 of 2nd period - Slapshot by Mike Amadio.
0:32 of 2nd period - Shot Misses the Net.
0:36 of 2nd period - Wrist shot by Frederik Gauthier.
0:36 of 2nd period - Shot Misses the Net.
2:02 of 2nd period - Timo Meier is hit by Nick Mattson and loses puck.
2:22 of 2nd period - Penalty to Nikita Tryamkin is over, Nikita Tryamkin is back on ice.
2:29 of 2nd period - Trevor Moore is hit by Nikita Scherbak.
2:32 of 2nd period - Icing by Dylan Blujus.
2:33 of 2nd period - Dillon Dube wins face-off versus Trevor Moore in Reign zone.
2:38 of 2nd period - Slapshot by Nikita Scherbak.
2:38 of 2nd period - Shot Misses the Net.
3:19 of 2nd period - Nikita Tryamkin is hit by Mike Reilly and loses puck.
3:30 of 2nd period - Snap shot by Nikita Tryamkin.
3:30 of 2nd period - Shot Misses the Net.
3:32 of 2nd period - Wrist shot by Trevor Moore.
3:32 of 2nd period - Shot Misses the Net.
3:58 of 2nd period - Snap shot by Trevor Moore.
3:58 of 2nd period - Stopped by Joe Cannata with a rebound.
4:00 of 2nd period - Slapshot by Nikita Tryamkin.
4:00 of 2nd period - Shot Misses the Net.
4:02 of 2nd period - Slapshot by Nikita Tryamkin.
4:02 of 2nd period - Shot Misses the Net.
4:04 of 2nd period - Slapshot by Nikita Tryamkin.
4:04 of 2nd period - Shot Hit the Post.
4:06 of 2nd period - Wrist shot by Jordan Schmaltz.
4:06 of 2nd period - Shot Misses the Net.
4:08 of 2nd period - Slapshot by Jordan Schmaltz.
4:08 of 2nd period - Shot Misses the Net.
4:12 of 2nd period - Snap shot by Joachim Blichfeld.
4:12 of 2nd period - Shot Misses the Net.
4:42 of 2nd period - Wrist shot by Trevor Moore.
4:42 of 2nd period - Deflect By Josh Anderson.
4:42 of 2nd period - Stopped by Joe Cannata without a rebound.
4:43 of 2nd period - Brendan Gaunce wins face-off versus Frederik Gauthier in Icehogs zone.
4:44 of 2nd period - Wrist shot by Tyler Pitlick.
4:44 of 2nd period - Stopped by Joe Cannata with a rebound.
5:04 of 2nd period - Brendan Gaunce is hit by Nick Mattson and loses puck.
5:17 of 2nd period - Wrist shot by Tanner Richard.
5:17 of 2nd period - Stopped by Ilya Samsonov with a rebound.
8:34 of 2nd period - Duncan Siemens is hit by Christian Dvorak and loses puck.
9:19 of 2nd period - Julius Honka is hit by Jordan Schmaltz and loses puck.
9:26 of 2nd period - Vince Hinostroza is hit by Duncan Siemens and loses puck.
10:59 of 2nd period - Joel Eriksson Ek is hit by Tanner Richard and loses puck.
12:12 of 2nd period - Icing by Timo Meier.
12:13 of 2nd period - Tyler Pitlick wins face-off versus Dillon Dube in Reign zone.
12:13 of 2nd period - Tyler Pitlick is hit by Patrick Sieloff.
12:32 of 2nd period - Wrist shot by Craig Cunningham.
12:32 of 2nd period - Deflect By A.J. Jenks.
12:32 of 2nd period - Shot Blocked by Logan Stanley.
12:32 of 2nd period - Puck is out of play.
12:33 of 2nd period - Frederik Gauthier wins face-off versus Jack Roslovic in Reign zone.
12:44 of 2nd period - Snap shot by Vince Hinostroza.
12:44 of 2nd period - Shot Misses the Net.
12:51 of 2nd period - Off-side.
12:52 of 2nd period - Michael Chaput wins face-off versus Brendan Gaunce in neutral zone.
13:07 of 2nd period - Wrist shot by Michael Chaput.
13:07 of 2nd period - Deflect By Andrew Mangiapane.
13:07 of 2nd period - Stopped by Ilya Samsonov with a rebound.
13:17 of 2nd period - Craig Cunningham is hit by Nikita Tryamkin and loses puck.
13:24 of 2nd period - Wrist shot by Jack Roslovic.
13:24 of 2nd period - Stopped by Joe Cannata with a rebound.
13:44 of 2nd period - Joachim Blichfeld is hit by Kevin Fiala and loses puck.
14:33 of 2nd period - Thomas Chabot is hit by Mattias Janmark and loses puck.
15:27 of 2nd period - Minor Penalty to Patrick Sieloff for Unsportsmanlike conduct.
15:28 of 2nd period - Brendan Gaunce wins face-off versus Frederik Gauthier in Icehogs zone.
15:41 of 2nd period - Snap shot by Brendan Gaunce.
15:41 of 2nd period - Stopped by Joe Cannata without a rebound.
15:42 of 2nd period - Frederik Gauthier wins face-off versus Brendan Gaunce in Icehogs zone.
16:17 of 2nd period - Slapshot by Vince Hinostroza.
16:17 of 2nd period - Shot Blocked by Petter Granberg.
16:33 of 2nd period - Tyler Pitlick is hit by Andrew Mangiapane and loses puck.
17:25 of 2nd period - Dylan Blujus is hit by Tanner Richard and loses puck.
17:27 of 2nd period - Penalty to Patrick Sieloff is over, Patrick Sieloff is back on ice.
17:38 of 2nd period - Snap shot by Curtis Lazar.
17:38 of 2nd period - Stopped by Ilya Samsonov without a rebound.
17:39 of 2nd period - Dillon Dube wins face-off versus Joel Eriksson Ek in Reign zone.
18:23 of 2nd period - Mike Reilly is hit by Brendan Guhle.
18:47 of 2nd period - Snap shot by Tanner Richard.
18:47 of 2nd period - Shot Misses the Net.
18:49 of 2nd period - Wrist shot by Tanner Richard.
18:49 of 2nd period - Deflect By Mikhail Grigorenko.
18:49 of 2nd period - Stopped by Ilya Samsonov with a rebound.
18:51 of 2nd period - Slapshot by Tanner Richard.
18:51 of 2nd period - Goal by Tanner Richard - Reign : 1 - Icehogs : 5.
18:52 of 2nd period - Brendan Gaunce wins face-off versus Frederik Gauthier in neutral zone.
19:34 of 2nd period - Nikita Tryamkin is hit by Petter Granberg and loses puck.
Goals for this period are 0 for Reign vs 1 for Icehogs.
Shots for this period are 5 for Reign vs 5 for Icehogs.
3rd period
0:01 of 3rd period - Brendan Gaunce wins face-off versus Frederik Gauthier in neutral zone.
1:07 of 3rd period - Wrist shot by Joachim Blichfeld.
1:07 of 3rd period - Shot Misses the Net.
1:09 of 3rd period - Slapshot by Jakob Chychrun.
1:09 of 3rd period - Deflect By Josh Anderson.
1:09 of 3rd period - Stopped by Joe Cannata with a rebound.
1:11 of 3rd period - Wrist shot by Josh Anderson.
1:11 of 3rd period - Shot Misses the Net.
1:13 of 3rd period - Slapshot by Trevor Moore.
1:13 of 3rd period - Goal by Trevor Moore - Reign : 2 - Icehogs : 5.
1:14 of 3rd period - Frederik Gauthier wins face-off versus Brendan Gaunce in neutral zone.
1:26 of 3rd period - Minor Penalty to Craig Cunningham for Hooking.
1:27 of 3rd period - Frederik Gauthier wins face-off versus Brendan Gaunce in Icehogs zone.
3:24 of 3rd period - Petter Granberg is hit by Joel Eriksson Ek and loses puck.
3:26 of 3rd period - Penalty to Craig Cunningham is over, Craig Cunningham is back on ice.
3:33 of 3rd period - Snap shot by Joel Eriksson Ek.
3:33 of 3rd period - Stopped by Joe Cannata with a rebound.
3:35 of 3rd period - Snap shot by Joel Eriksson Ek.
3:35 of 3rd period - Shot Misses the Net.
3:37 of 3rd period - Backhand shot by Josh Anderson.
3:37 of 3rd period - Shot Misses the Net.
3:47 of 3rd period - Snap shot by Tanner Richard.
3:47 of 3rd period - Deflect By Kevin Fiala.
3:47 of 3rd period - Shot Misses the Net.
3:47 of 3rd period - Puck is out of play.
3:48 of 3rd period - Trevor Moore wins face-off versus Tanner Richard in Reign zone.
4:20 of 3rd period - Mike Reilly is hit by Brendan Guhle and loses puck.
4:37 of 3rd period - Wrist shot by Josh Anderson.
4:37 of 3rd period - Deflect By Joachim Blichfeld.
4:37 of 3rd period - Stopped by Joe Cannata without a rebound.
4:38 of 3rd period - Mikhail Grigorenko wins face-off versus Brendan Gaunce in Icehogs zone.
5:41 of 3rd period - Minor Penalty to Andrew Mangiapane for Slashing.
5:42 of 3rd period - Brendan Gaunce wins face-off versus Frederik Gauthier in Icehogs zone.
5:43 of 3rd period - Snap shot by Timo Meier.
5:43 of 3rd period - Shot Misses the Net.
5:45 of 3rd period - Snap shot by Jordan Schmaltz.
5:45 of 3rd period - Deflect By Timo Meier.
5:45 of 3rd period - Goal by Timo Meier - Reign : 3 - Icehogs : 5.
5:46 of 3rd period - Brendan Gaunce wins face-off versus Frederik Gauthier in neutral zone.
6:13 of 3rd period - Andrew Mangiapane is hit by A.J. Jenks.
6:16 of 3rd period - Off-side.
6:17 of 3rd period - Michael Chaput wins face-off versus Jack Roslovic in neutral zone.
6:38 of 3rd period - Dylan Blujus is hit by Andrew Mangiapane and loses puck.
6:58 of 3rd period - Wrist shot by Michael Chaput.
6:58 of 3rd period - Stopped by Ilya Samsonov with a rebound.
7:06 of 3rd period - Slapshot by Dylan Blujus.
7:06 of 3rd period - Deflect By Vince Hinostroza.
7:06 of 3rd period - Shot Misses the Net.
7:06 of 3rd period - Puck is out of play.
7:07 of 3rd period - Brendan Gaunce wins face-off versus Frederik Gauthier in Icehogs zone.
7:57 of 3rd period - Wrist shot by Joachim Blichfeld.
7:57 of 3rd period - Stopped by Joe Cannata with a rebound.
7:59 of 3rd period - Slapshot by Logan Stanley.
7:59 of 3rd period - Deflect By Josh Anderson.
7:59 of 3rd period - Stopped by Joe Cannata with a rebound.
8:03 of 3rd period - Snap shot by Joachim Blichfeld.
8:03 of 3rd period - Goal by Joachim Blichfeld - Reign : 4 - Icehogs : 5.
8:04 of 3rd period - Brendan Gaunce wins face-off versus Frederik Gauthier in neutral zone.
8:15 of 3rd period - Wrist shot by Frederik Gauthier.
8:15 of 3rd period - Stopped by Ilya Samsonov with a rebound.
8:17 of 3rd period - Snap shot by Craig Cunningham.
8:17 of 3rd period - Stopped by Ilya Samsonov with a rebound.
8:19 of 3rd period - Snap shot by Petter Granberg.
8:19 of 3rd period - Shot Blocked by Timo Meier.
8:39 of 3rd period - Slapshot by Curtis Lazar.
8:39 of 3rd period - Stopped by Ilya Samsonov with a rebound.
9:58 of 3rd period - Curtis Lazar is hit by Jack Roslovic and loses puck.
10:18 of 3rd period - Minor Penalty to Julius Honka for High sticking.
10:19 of 3rd period - Frederik Gauthier wins face-off versus Brendan Gaunce in Icehogs zone.
12:18 of 3rd period - Penalty to Julius Honka is over, Julius Honka is back on ice.
13:06 of 3rd period - Jakob Chychrun is hit by Andrew Mangiapane.
14:19 of 3rd period - Off-side.
14:20 of 3rd period - Frederik Gauthier wins face-off versus Jack Roslovic in neutral zone.
14:50 of 3rd period - Snap shot by Mattias Janmark.
14:50 of 3rd period - Shot Blocked by Timo Meier.
14:58 of 3rd period - Snap shot by Brendan Gaunce.
14:58 of 3rd period - Shot Blocked by Nick Mattson.
15:31 of 3rd period - Slapshot by Nick Mattson.
15:31 of 3rd period - Deflect By Andrew Mangiapane.
15:31 of 3rd period - Goal by Andrew Mangiapane - Reign : 4 - Icehogs : 6.
15:32 of 3rd period - Mikhail Grigorenko wins face-off versus Brendan Gaunce in neutral zone.
16:22 of 3rd period - Petter Granberg is hit by Jordan Schmaltz and loses puck.
16:45 of 3rd period - Wrist shot by Vince Hinostroza.
16:45 of 3rd period - Stopped by Joe Cannata without a rebound.
16:46 of 3rd period - Tanner Richard wins face-off versus Joel Eriksson Ek in Icehogs zone.
17:23 of 3rd period - Snap shot by Brendan Gaunce.
17:23 of 3rd period - Shot Blocked by Julius Honka.
17:26 of 3rd period - Icing by Julius Honka.
17:27 of 3rd period - Trevor Moore wins face-off versus Frederik Gauthier in Icehogs zone.
17:40 of 3rd period - Mike Amadio is hit by Trevor Moore and loses puck.
17:53 of 3rd period - Mike Amadio is hit by Brendan Gaunce and loses puck.
18:11 of 3rd period - Slapshot by Duncan Siemens.
18:11 of 3rd period - Stopped by Ilya Samsonov with a rebound.
18:13 of 3rd period - Slapshot by Duncan Siemens.
18:13 of 3rd period - Stopped by Ilya Samsonov with a rebound.
18:21 of 3rd period - Snap shot by Craig Cunningham.
18:21 of 3rd period - Stopped by Ilya Samsonov without a rebound.
18:22 of 3rd period - Tanner Richard wins face-off versus Joel Eriksson Ek in Reign zone.
18:22 of 3rd period - Petter Granberg is hit by Nikita Tryamkin and loses puck.
18:49 of 3rd period - Petter Granberg is hit by Nikita Tryamkin and loses puck.
18:58 of 3rd period - Nick Mattson is hit by Thomas Chabot and loses puck.
19:05 of 3rd period - Icing by Andrew Mangiapane.
19:06 of 3rd period - Michael Chaput wins face-off versus Brendan Gaunce in Icehogs zone.
19:21 of 3rd period - Icing by Thomas Chabot.
19:22 of 3rd period - Tanner Richard wins face-off versus Brendan Gaunce in Reign zone.
19:25 of 3rd period - Wrist shot by Kevin Fiala.
19:25 of 3rd period - Stopped by Ilya Samsonov with a rebound.
Goals for this period are 3 for Reign vs 1 for Icehogs.
Shots for this period are 9 for Reign vs 9 for Icehogs.